[Event "December 5 Late 2023"]
[Site "https://www.chess.com"]
[Date "2023.12.05"]
[Round "3"]
[White "Aronian, Levon"]
[Black "Bordi, Kevin"]
[Result "1-0"]
[Board "5"]
[TimeControl "180+1"]
[WhiteFideId "13300474"]
[BlackFideId "621862"]
[WhiteElo "3117"]
[BlackElo "2831"]
[WhiteTeam "USA"]
[BlackTeam "MNC"]
[WhiteClock "0:02:01"]
[BlackClock "0:00:46"]

1. e4 d5 2. exd5 Qxd5 3. Nc3 Qa5 4. Bc4 Nf6 5. d3 c6 6. Qe2 b5 7. Bb3 Nbd7 8. Bd2 Qc7 9. Nf3 Nc5 10. Ne5 e6 11. d4 Nxb3 12. axb3 Bd6 13. Bg5 Bb7 14. Nd3 Nd5 15. Ne4 O-O 16. Nxd6 Qxd6 17. O-O Rfe8 18. Rfe1 a5 19. Qg4 f6 20. Bh6 g6 21. Nc5 Bc8 22. Qf3 e5 23. c4 bxc4 24. bxc4 Nb4 25. Ne4 1-0

[Event "December 5 Late 2023"]
[Site "https://www.chess.com"]
[Date "2023.12.05"]
[Round "3"]
[White "Nepomniachtchi, Ian"]
[Black "Yuan, Qingyu"]
[Result "1-0"]
[Board "6"]
[TimeControl "180+1"]
[WhiteFideId "4168119"]
[BlackFideId "8609772"]
[WhiteElo "3104"]
[BlackElo "2827"]
[WhiteTeam "RUS"]
[BlackTeam "CHN"]
[WhiteClock "0:00:22"]
[BlackClock "0:00:00"]

1. e4 e5 2. f4 d5 3. exd5 exf4 4. Nf3 Nf6 5. Bb5+ c6 6. dxc6 Nxc6 7. Nc3 Be6 8. Qe2 Bd6 9. Nd4 O-O 10. Nxe6 fxe6 11. Bxc6 bxc6 12. b3 e5 13. Bb2 e4 14. O-O-O Re8 15. Rhe1 Kh8 16. Qc4 Qe7 17. Qxc6 Rac8 18. Qa4 Bb4 19. Kb1 e3 20. a3 Bxc3 21. dxc3 Ne4 22. c4 Rcd8 23. Qa5 Rd2 24. Qf5 Rf8 25. Qh5 Rxg2 26. Qd5 Rd2 27. Rxd2 Nxd2+ 28. Ka2 f3 29. Qd4 f2 30. Rxe3 Qf7 31. Rg3 Rg8 32. Rxg7 Rxg7 33. Qd8+ Qg8 34. Bxg7+ Kxg7 35. Qd4+ Kg6 36. Qxf2 Qd8 37. Qxa7 Qd6 38. Qg1+ Kf7 39. Qf2+ Ke6 40. Qe3+ 1-0

[Event "December 5 Late 2023"]
[Site "https://www.chess.com"]
[Date "2023.12.05"]
[Round "3"]
[White "Gadimbayli, Abdulla"]
[Black "Erigaisi Arjun"]
[Result "0-1"]
[Board "7"]
[TimeControl "180+1"]
[WhiteFideId "13404938"]
[BlackFideId "35009192"]
[WhiteElo "2824"]
[BlackElo "3102"]
[WhiteTeam "AZE"]
[BlackTeam "IND"]
[WhiteClock "0:00:04"]
[BlackClock "0:00:41"]

1. e4 g6 2. d4 Bg7 3. Nc3 d6 4. Nf3 a6 5. Be2 b5 6. O-O Bb7 7. Re1 Nd7 8. a4 b4 9. Na2 Ngf6 10. e5 Nd5 11. e6 fxe6 12. Ng5 Nf8 13. Bg4 e5 14. Qf3 Bf6 15. Ne6 Nxe6 16. Bxe6 c6 17. dxe5 dxe5 18. Rxe5 Qd6 19. Re1 Bc8 20. Bxd5 cxd5 21. Bf4 Qc5 22. Be3 Qc4 23. Bh6 Bxb2 24. Rad1 Qxa2 25. Rxd5 Ra7 26. Rc5 Bf5 27. Qe3 Rd7 28. c4 Bd4 29. Rc8+ Kf7 30. Rxh8 Bxe3 31. Rf8+ Ke6 32. Rxe3+ Kd6 33. Bf4+ Kc6 34. h3 Rd1+ 35. Kh2 Qxf2 0-1

[Event "December 5 Late 2023"]
[Site "https://www.chess.com"]
[Date "2023.12.05"]
[Round "3"]
[White "Nihal Sarin"]
[Black "Holt, Conrad"]
[Result "1-0"]
[Board "8"]
[TimeControl "180+1"]
[WhiteFideId "25092340"]
[BlackFideId "2034387"]
[WhiteElo "3090"]
[BlackElo "2801"]
[WhiteTeam "IND"]
[BlackTeam "USA"]
[WhiteClock "0:00:24"]
[BlackClock "0:00:00"]

1. d4 d5 2. c4 c6 3. Nf3 Nf6 4. Nc3 dxc4 5. a4 Bf5 6. Ne5 Nbd7 7. Nxc4 Nb6 8. Ne5 a5 9. e3 g6 10. Bd3 Bxd3 11. Nxd3 Bg7 12. O-O O-O 13. Qb3 Nfd7 14. Rd1 Qc7 15. h3 Rad8 16. Bd2 e5 17. d5 e4 18. Nxe4 cxd5 19. Rac1 Nc4 20. Nc3 Nc5 21. Nxc5 Qxc5 22. Be1 Qb4 23. Qxb4 axb4 24. Nxd5 Nxb2 25. Ne7+ Kh8 26. Rxd8 Rxd8 27. Bxb4 Nxa4 28. g4 h6 29. Rc7 b5 30. Rb7 Nc3 31. Bxc3 Bxc3 32. Rxb5 Kg7 33. Kg2 Rd7 34. Nd5 Ba1 35. h4 Kh7 36. f4 Ra7 37. Kf3 Kg7 38. h5 g5 39. fxg5 hxg5 40. Nb6 Kh6 41. Nc4 Ra6 42. Rd5 Rf6+ 43. Ke2 Rc6 44. Rd6+ Rxd6 45. Nxd6 Kg7 46. Kf3 Kf6 47. Ke4 Ke6 48. Nf5 Bb2 49. Nd4+ Kf6 50. Kd5 Bc1 51. e4 Bf4 52. Nc6 Bd2 53. e5+ Kg7 54. Ke4 Bc1 55. Kf5 Bd2 56. Nd4 Bc3 57. Nf3 f6 58. exf6+ Bxf6 59. Nxg5 Bb2 60. Ne4 Bc1 61. g5 Kf7 62. h6 Kf8 63. Kg6 Bb2 64. Kh7 1-0

[Event "December 5 Late 2023"]
[Site "https://www.chess.com"]
[Date "2023.12.05"]
[Round "3"]
[White "Ghasi, Ameet K"]
[Black "Bortnyk, Olexandr"]
[Result "0-1"]
[Board "9"]
[TimeControl "180+1"]
[WhiteFideId "409200"]
[BlackFideId "14120828"]
[WhiteElo "2800"]
[BlackElo "3085"]
[WhiteTeam "ENG"]
[BlackTeam "UKR"]
[WhiteClock "0:00:00"]
[BlackClock "0:00:14"]

1. b3 d5 2. Bb2 Bf5 3. g3 e6 4. Bg2 Nf6 5. d3 h6 6. Nd2 Be7 7. h3 Bh7 8. e4 O-O 9. Qe2 a5 10. a3 Na6 11. Ngf3 Nc5 12. e5 Nfd7 13. O-O Na6 14. Nd4 c5 15. Nb5 Nc7 16. a4 Nxb5 17. axb5 Nb6 18. Rfd1 a4 19. c4 axb3 20. Nxb3 Rxa1 21. Bxa1 Qa8 22. cxd5 Nxd5 23. d4 c4 24. Nc5 Bxc5 25. dxc5 Bd3 26. Qd2 Qa4 27. b6 Rd8 28. Bd4 Nxb6 29. Ra1 Qb3 30. Qb2 Qxb2 31. Bxb2 Nd5 32. f4 c3 33. Bc1 Rc8 34. Ra5 b6 35. cxb6 Nxb6 36. Kf2 Nc4 37. Ra8 Rxa8 38. Bxa8 Na5 39. Ke3 Bf1 40. Be4 Nb3 41. Ba3 Nd2 42. Bb4 Nxe4 43. Kxe4 c2 44. Bd2 Bxh3 45. Kf3 h5 46. Ke3 Kh7 47. Kf3 Kg6 48. Bc1 Kf5 49. Bd2 Bf1 50. Bc1 Bb5 51. Bd2 Bc6+ 52. Ke3 Kg4 53. Kf2 Kf5 54. Ke3 g5 55. Bc1 gxf4+ 56. gxf4 h4 57. Kf2 h3 58. Kg3 Bg2 59. Bd2 Ke4 60. Kf2 Kd3 61. Bc1 Kc3 62. f5 exf5 63. Kg3 Kb3 64. Kf4 h2 65. Kxf5 h1=Q 66. Kf6 Qxc1 67. Kxf7 Qf4+ 68. Ke6 c1=Q 0-1

[Event "December 5 Late 2023"]
[Site "https://www.chess.com"]
[Date "2023.12.05"]
[Round "3"]
[White "Caruana, Fabiano"]
[Black "Miladinovic, Igor"]
[Result "0-1"]
[Board "10"]
[TimeControl "180+1"]
[WhiteFideId "2020009"]
[BlackFideId "4203380"]
[WhiteElo "3082"]
[BlackElo "2798"]
[WhiteTeam "USA"]
[BlackTeam "SRB"]
[WhiteClock "0:00:14"]
[BlackClock "0:00:23"]

1. g3 d5 2. Bg2 e5 3. d3 Nc6 4. Nf3 f6 5. O-O Be6 6. Nc3 Qd7 7. e4 Nge7 8. a3 O-O-O 9. b4 dxe4 10. Nxe4 Ng6 11. Be3 Bh3 12. b5 Nd4 13. Bxd4 Bxg2 14. Kxg2 exd4 15. a4 h5 16. h4 Bb4 17. Rb1 Ba5 18. Nfd2 Bxd2 19. Nxd2 Ne5 20. Qe2 Rde8 21. Rbe1 g5 22. Rh1 g4 23. Qd1 Qd5+ 24. Kh2 Re6 25. Re2 Rhe8 26. Rhe1 f5 27. Kg1 Kd7 28. Kh2 Nf3+ 29. Nxf3 Qxf3 30. Rxe6 Qxf2+ 31. Kh1 Rxe6 32. Rxe6 Kxe6 33. Qb1 Qxg3 34. Qb3+ Ke5 35. Qf7 Qxh4+ 36. Kg1 Qg3+ 37. Kf1 Qf3+ 38. Kg1 Qd1+ 39. Kg2 Qxc2+ 40. Kg3 Qxd3+ 41. Kh4 Qh3+ 42. Kg5 d3 43. Qxc7+ Kd4 44. Qxb7 d2 45. Qxa7+ Kd3 46. Qd7+ Ke2 0-1

[Event "December 5 Late 2023"]
[Site "https://www.chess.com"]
[Date "2023.12.05"]
[Round "3"]
[White "Oparin, Grigoriy"]
[Black "Budisavljevic, Luka"]
[Result "1-0"]
[Board "11"]
[TimeControl "180+1"]
[WhiteFideId "24125890"]
[BlackFideId "960047"]
[WhiteElo "3056"]
[BlackElo "2783"]
[WhiteTeam "USA"]
[BlackTeam "SRB"]
[WhiteClock "0:00:14"]
[BlackClock "0:00:00"]

1. Nf3 c5 2. e4 e6 3. Be2 Nc6 4. O-O d6 5. Nc3 Nf6 6. d4 cxd4 7. Nxd4 Be7 8. Nxc6 bxc6 9. Qd3 O-O 10. Qg3 Kh8 11. Rd1 d5 12. b3 Bb7 13. Bb2 Qb8 14. Bf3 Qxg3 15. hxg3 Rfd8 16. exd5 cxd5 17. Na4 Rab8 18. Be5 Rbc8 19. c4 Bc6 20. cxd5 Nxd5 21. Rac1 Bg5 22. Rc4 Ba8 23. Bd4 Rxc4 24. bxc4 Nb4 25. Bxa8 Rxa8 26. Bc3 Nc6 27. Rd7 Kg8 28. Rc7 Nd8 29. c5 Kf8 30. Be5 Bf6 31. Bd6+ Ke8 32. c6 Rb8 33. Kh2 Rb5 34. Rc8 Rd5 35. Bf4 g5 36. Be3 Ke7 37. c7 Nc6 38. Ra8 1-0

[Event "December 5 Late 2023"]
[Site "https://www.chess.com"]
[Date "2023.12.05"]
[Round "3"]
[White "Bortnyk, Mykola"]
[Black "Korchmar, Vasiliy"]
[Result "0-1"]
[Board "12"]
[TimeControl "180+1"]
[WhiteFideId "14120836"]
[BlackFideId "24131750"]
[WhiteElo "3033"]
[BlackElo "2775"]
[WhiteTeam "UKR"]
[BlackTeam "RUS"]
[WhiteClock "0:00:00"]
[BlackClock "0:00:07"]

1. e4 c5 2. Nf3 d6 3. d4 cxd4 4. Nxd4 Nf6 5. Nc3 Nc6 6. Bg5 Bd7 7. Bc4 e6 8. Qd2 a6 9. Bb3 Be7 10. f4 h6 11. Bxf6 Bxf6 12. Nde2 Be7 13. O-O-O b5 14. g4 Na5 15. h4 Rc8 16. g5 b4 17. Na4 Nxb3+ 18. axb3 Qa5 19. Kb1 Bxa4 20. bxa4 Qxa4 21. Rh3 hxg5 22. fxg5 Rc5 23. b3 Qa3 24. Qd4 Ra5 25. Qxg7 Qa2+ 26. Kc1 Qa1+ 27. Qxa1 Rxa1+ 28. Kd2 Bxg5+ 29. Ke1 Bxh4+ 30. Ng3 Rxd1+ 31. Kxd1 Ke7 32. Ne2 Bf6 33. Rg3 Be5 34. Rg4 Rh2 35. Kd2 a5 36. Kd3 Rh3+ 37. Kc4 Rh2 38. Kd3 f5 39. exf5 exf5 40. Rg8 Ke6 41. Ra8 Rh3+ 42. Kd2 Bc3+ 43. Nxc3 bxc3+ 44. Ke2 Rh2+ 45. Ke3 Rxc2 46. Kd3 Rc1 47. Rxa5 f4 48. Ra8 Kf5 49. b4 f3 50. b5 Kg4 51. Rg8+ Kh3 52. Rf8 Kg2 53. Rg8+ Kf1 54. b6 Rb1 55. Rb8 f2 56. b7 Ke1 57. Re8+ Kd1 58. b8=Q Rxb8 59. Rxb8 c2 60. Rf8 c1=Q 61. Rxf2 Qb1+ 62. Kc3 Qa1+ 63. Kb3 Qb1+ 64. Kc3 Qa1+ 65. Kd3 Qa3+ 66. Ke4 Qb4+ 67. Kd3 Qb5+ 68. Ke4 Qe5+ 69. Kd3 Qd5+ 70. Ke3 Kc1 71. Rf4 Qe5+ 72. Re4 Qc3+ 73. Ke2 d5 74. Re3 Qc4+ 75. Kf3 Qf1+ 76. Kg3 d4 77. Re8 d3 78. Rc8+ Kd2 79. Rd8 Qe1+ 80. Kf3 Qe2+ 81. Kg3 Qe3+ 82. Kg2 Qe4+ 83. Kf1 Qf4+ 84. Kg2 Qg5+ 85. Kf3 Qxd8 0-1

[Event "December 5 Late 2023"]
[Site "https://www.chess.com"]
[Date "2023.12.05"]
[Round "3"]
[White "Urazayev, Arystanbek"]
[Black "Bluebaum, Matthias"]
[Result "1/2-1/2"]
[Board "13"]
[TimeControl "180+1"]
[WhiteFideId "13709810"]
[BlackFideId "24651516"]
[WhiteElo "2763"]
[BlackElo "3028"]
[WhiteTeam "KAZ"]
[BlackTeam "GER"]
[WhiteClock "0:00:15"]
[BlackClock "0:00:16"]

1. d4 d5 2. c4 e6 3. Nf3 Nf6 4. Nc3 Bb4 5. Bg5 h6 6. Bxf6 Qxf6 7. Qa4+ Nc6 8. e3 O-O 9. Rc1 Qg6 10. Qb3 Rd8 11. h4 a5 12. h5 Qf6 13. Rh4 a4 14. Qc2 e5 15. cxd5 Rxd5 16. dxe5 Rxe5 17. a3 Bf5 18. Bd3 Bxc3+ 19. Qxc3 Bxd3 20. Qxd3 Rd8 21. Qc3 Rdd5 22. Rxa4 Rxh5 23. Ra8+ Kh7 24. Qxf6 gxf6 25. Ke2 Rd7 26. b4 Rhd5 27. Rc8 Kg7 28. Rc4 f5 29. a4 Rd1 30. Rxc7 Rxc7 31. Kxd1 Rd7+ 32. Ke2 Kf6 33. b5 Na5 34. Rc8 Re7 35. g3 Nb3 36. Rc3 Na5 37. Nd4 b6 38. Nb3 Nxb3 39. Rxb3 Ra7 40. Rc3 Ke5 41. Rc6 Rxa4 42. Rxh6 f6 43. Rh4 Ra2+ 44. Kf3 Rb2 45. Rh8 Rxb5 46. Re8+ Kd6 47. Kf4 Kd7 48. Rb8 Ke6 49. Re8+ Kf7 50. Rc8 Kg6 51. Rc4 Ra5 52. Rb4 b5 53. Kf3 Kg5 54. Kg2 Kg6 55. f4 Kh5 56. Kf3 Kg6 57. Rb1 Kf7 58. Rc1 Kg6 59. Rc7 Ra1 60. Rb7 Rb1 61. g4 fxg4+ 62. Kxg4 f5+ 63. Kf3 b4 64. Rb6+ Kf7 65. Ke2 b3 66. Kd2 b2 67. Kc2 Re1 68. Rxb2 Rxe3 69. Rb4 Kf6 70. Kd2 Re8 71. Rb6+ Kf7 72. Kd3 Re4 73. Rb7+ Kg6 74. Rb8 Kh5 75. Rg8 Rxf4 76. Ke3 Ra4 77. Kf3 Rb4 78. Rg7 Rc4 79. Rg8 Kh6 80. Rg1 Rd4 81. Rg8 Ra4 82. Rg1 Kh5 83. Rg2 Rg4 84. Rxg4 fxg4+ 85. Kg3 Kg5 86. Kg2 Kf4 87. Kf2 Kf5 88. Kg3 Kg5 89. Kg2 Kh4 90. Kh2 g3+ 91. Kg2 Kg4 92. Kg1 Kf4 93. Kg2 Kg4 94. Kg1 Kh3 95. Kh1 Kh4 96. Kg2 Kg4 1/2-1/2

[Event "December 5 Late 2023"]
[Site "https://www.chess.com"]
[Date "2023.12.05"]
[Round "3"]
[White "Arjun Kalyan"]
[Black "Sarana, Alexey"]
[Result "1/2-1/2"]
[Board "14"]
[TimeControl "180+1"]
[WhiteFideId "35018701"]
[BlackFideId "24133795"]
[WhiteElo "2752"]
[BlackElo "3005"]
[WhiteTeam "IND"]
[BlackTeam "SRB"]
[WhiteClock "0:00:30"]
[BlackClock "0:00:18"]

1. e4 c5 2. Nf3 d6 3. Bb5+ Bd7 4. Bxd7+ Nxd7 5. O-O e6 6. d4 cxd4 7. Nxd4 Rc8 8. Qe2 Qb6 9. Nf3 Ngf6 10. c4 Qc6 11. Nbd2 g6 12. b3 Bg7 13. Bb2 O-O 14. Rad1 Rfd8 15. h3 a6 16. e5 Nh5 17. Qe3 dxe5 18. Nxe5 Nxe5 19. Bxe5 Bxe5 20. Qxe5 f6 21. Qe3 e5 22. Ne4 Nf4 23. g3 Nh5 24. Rd5 Rxd5 25. cxd5 Qxd5 26. g4 f5 27. gxh5 Qxe4 28. Qxe4 fxe4 29. hxg6 hxg6 30. Re1 Kf7 31. Rxe4 Kf6 32. Rb4 b5 33. a4 Rc5 34. axb5 axb5 35. Kg2 Kf5 36. f3 Rd5 37. Kg3 Rc5 38. h4 Rd5 39. Kg2 Kf6 40. Kg3 Ke6 41. Rg4 Kf7 42. Rb4 Kg7 43. f4 Kf6 44. Kg4 Rd4 45. Rxb5 Rxf4+ 46. Kg3 Rd4 47. Rb8 Rd3+ 48. Kg4 Rd4+ 49. Kg3 Kf5 50. b4 Rd3+ 51. Kf2 Kg4 52. b5 Kxh4 53. b6 Kg4 54. b7 Rf3+ 55. Kg2 Rf7 56. Re8 Rxb7 57. Rxe5 Rb2+ 58. Kg1 Kf3 59. Rg5 Rb6 60. Ra5 Rb4 61. Ra3+ Kg4 62. Rc3 Rb2 63. Rd3 g5 64. Rc3 Re2 65. Rb3 Kf4 66. Ra3 Re3 67. Rxe3 Kxe3 68. Kg2 Kf4 69. Kf2 Kg4 70. Kg2 Kh4 71. Kh2 g4 72. Kg2 g3 73. Kg1 Kg5 74. Kg2 Kg4 75. Kg1 Kf3 76. Kf1 g2+ 77. Kg1 Ke2 78. Kxg2 1/2-1/2

[Event "December 5 Late 2023"]
[Site "https://www.chess.com"]
[Date "2023.12.05"]
[Round "3"]
[White "Tari, Aryan"]
[Black "Jarmula, Lukasz"]
[Result "1-0"]
[Board "15"]
[TimeControl "180+1"]
[WhiteFideId "1510045"]
[BlackFideId "1160664"]
[WhiteElo "3003"]
[BlackElo "2745"]
[WhiteTeam "NOR"]
[BlackTeam "POL"]
[WhiteClock "0:00:20"]
[BlackClock "0:00:09"]

1. e4 d5 2. exd5 Nf6 3. d4 Nxd5 4. c4 Nf6 5. Nf3 c5 6. d5 e6 7. Nc3 Bd6 8. h3 O-O 9. Be2 exd5 10. cxd5 a6 11. a4 Bf5 12. O-O Nbd7 13. Nd2 Ne5 14. Nc4 Nxc4 15. Bxc4 Qd7 16. Qf3 Rfe8 17. Bf4 Bg6 18. Rfe1 Qc7 19. Bxd6 Qxd6 20. Qg3 Qb6 21. d6 Qxb2 22. Nd5 Nxd5 23. Bxd5 Red8 24. Rad1 Qf6 25. Bxb7 Ra7 26. d7 h6 27. Re8+ Kh7 28. Qc7 Rxb7 29. Qxb7 Bc2 30. Rxd8 Qxd8 31. Qc8 Qg5 32. d8=Q 1-0

[Event "December 5 Late 2023"]
[Site "https://www.chess.com"]
[Date "2023.12.05"]
[Round "3"]
[White "Sattarov, Bobir"]
[Black "Xiong, Jeffery"]
[Result "0-1"]
[Board "16"]
[TimeControl "180+1"]
[WhiteFideId "14203081"]
[BlackFideId "2047640"]
[WhiteElo "2730"]
[BlackElo "3003"]
[WhiteTeam "UZB"]
[BlackTeam "USA"]
[WhiteClock "0:00:00"]
[BlackClock "0:01:16"]

1. e4 c5 2. Nc3 Nc6 3. Nge2 e6 4. d4 cxd4 5. Nxd4 a6 6. Be3 Nf6 7. Be2 Bb4 8. O-O Bxc3 9. bxc3 Nxe4 10. Nxc6 bxc6 11. Bd3 Nf6 12. Qf3 O-O 13. Qg3 d6 14. f4 Nd5 15. Bd2 f5 16. c4 Qb6+ 17. Kh1 Nf6 18. Rab1 Qa7 19. Bc3 c5 20. Rfe1 Qe7 21. Bxf5 Qf7 22. Bd3 Nh5 23. Qf3 Ra7 24. Rb6 Nxf4 25. Rxd6 Bb7 26. Be4 Bxe4 27. Qxe4 Nd5 0-1

[Event "December 5 Late 2023"]
[Site "https://www.chess.com"]
[Date "2023.12.05"]
[Round "3"]
[White "Paravyan, David"]
[Black "Khruschiov, Alexey"]
[Result "1/2-1/2"]
[Board "17"]
[TimeControl "180+1"]
[WhiteFideId "4194985"]
[BlackFideId "13900544"]
[WhiteElo "3001"]
[BlackElo "2722"]
[WhiteTeam "FID"]
[BlackTeam "MDA"]
[WhiteClock "0:00:03"]
[BlackClock "0:00:37"]

1. e4 g6 2. d4 Bg7 3. Nf3 c6 4. h3 d5 5. e5 Bf5 6. Nbd2 e6 7. g4 Be4 8. Nxe4 dxe4 9. Ng5 c5 10. Nxe4 Qxd4 11. Nd6+ Ke7 12. Qxd4 cxd4 13. Nxb7 Nc6 14. Bg5+ f6 15. exf6+ Bxf6 16. Bd2 Rb8 17. Bg2 Rxb7 18. Bxc6 Rxb2 19. Be4 Be5 20. g5 Kd6 21. f4 Bg7 22. h4 Ne7 23. Rh3 Nf5 24. Ra3 Rhb8 25. Rxa7 Rb1+ 26. Rxb1 Rxb1+ 27. Kf2 d3 28. Ra6+ Kc5 29. Bxd3 Bd4+ 30. Ke2 Rh1 31. Ra5+ Kb6 32. Rb5+ Kc7 33. Bxf5 exf5 34. Be1 Kc6 35. Rb8 Kd5 36. Re8 Rh2+ 37. Kf3 Rxc2 38. Rd8+ Kc4 39. Rc8+ Kd3 40. Rxc2 Kxc2 41. a4 Kb3 42. a5 Kc4 43. h5 Kb5 44. h6 Ba7 45. Bd2 Bb8 46. Ke2 Kc4 47. Be3 Kb5 48. Kd3 Kxa5 49. Kc4 Ka6 50. Kd5 Kb7 51. Ke6 Kc6 52. Kf7 Kd7 53. Bd2 Bc7 54. Be3 Bb8 55. Kg7 Ke8 56. Kxh7 Kf7 57. Bd2 Bc7 58. Be3 Bb8 59. Bd2 Bc7 60. Be3 Bb8 1/2-1/2

[Event "December 5 Late 2023"]
[Site "https://www.chess.com"]
[Date "2023.12.05"]
[Round "3"]
[White "Vazquez, Facundo"]
[Black "Henriquez Villagra, Cristobal"]
[Result "0-1"]
[Board "18"]
[TimeControl "180+1"]
[WhiteFideId "3007669"]
[BlackFideId "3409350"]
[WhiteElo "2718"]
[BlackElo "2998"]
[WhiteTeam "URU"]
[BlackTeam "CHI"]
[WhiteClock "0:00:50"]
[BlackClock "0:00:58"]

1. d4 Nf6 2. Nc3 d5 3. Bf4 a6 4. e3 h6 5. h4 c5 6. Nf3 Nc6 7. dxc5 Bg4 8. Be2 Bxf3 9. Bxf3 e6 10. O-O Bxc5 11. Bg3 O-O 12. a3 Rc8 13. Qe2 Nd7 14. Rad1 Nde5 15. Nb1 Qf6 16. c3 Nxf3+ 17. Qxf3 Qxf3 18. gxf3 h5 19. Nd2 Rfd8 20. f4 g6 21. Kg2 Ne7 22. Nb3 Bb6 23. Nd4 Rc4 24. f3 Bxd4 25. cxd4 Rc2+ 26. Rf2 Nf5 27. Rd3 Rdc8 28. Rb3 b5 29. Rd3 Nxg3 30. Kxg3 Rxf2 31. Kxf2 Rc2+ 32. Kg3 Rxb2 33. e4 Rc2 34. exd5 exd5 35. f5 Kg7 36. Kf4 Kf6 37. fxg6 fxg6 38. Rb3 Rc4 39. Rd3 Ra4 40. Ke3 g5 41. Rc3 gxh4 42. Rc5 Ke6 43. Rc3 Kf5 44. Kf2 Rxd4 45. Kg2 Rc4 46. Rd3 d4 0-1

[Event "December 5 Late 2023"]
[Site "https://www.chess.com"]
[Date "2023.12.05"]
[Round "3"]
[White "Terry, Renato"]
[Black "Djokic, Mihailo"]
[Result "1-0"]
[Board "19"]
[TimeControl "180+1"]
[WhiteFideId "3803457"]
[BlackFideId "976440"]
[WhiteElo "2985"]
[BlackElo "2717"]
[WhiteTeam "PER"]
[BlackTeam "SRB"]
[WhiteClock "0:00:05"]
[BlackClock "0:00:03"]

1. d4 Nf6 2. Bg5 d5 3. e3 Nbd7 4. Nf3 c5 5. c3 e6 6. Nbd2 Be7 7. Bd3 h6 8. Bf4 Qb6 9. Qc2 c4 10. Be2 Nh5 11. Be5 Nxe5 12. dxe5 g6 13. g4 Ng7 14. h3 Qc7 15. b3 cxb3 16. Qxb3 h5 17. Rg1 hxg4 18. hxg4 Bd7 19. c4 dxc4 20. Bxc4 Bc6 21. Bb5 Bxb5 22. Qxb5+ Qd7 23. Rb1 Qxb5 24. Rxb5 b6 25. Ke2 O-O-O 26. Ne4 Ne8 27. Nd4 Nc7 28. Rc1 Kb7 29. Rb3 Rd7 30. Nc6 Na6 31. Nxe7 Rxe7 32. a4 Nb8 33. a5 Nd7 34. Nd6+ Ka8 35. axb6 Nxb6 36. Kf3 Nd7 37. Ke4 f5+ 38. Kd4 Nb6 39. g5 Rh4+ 40. f4 Rh8 41. Rbc3 Kb8 42. Rb1 Rc7 43. Rcb3 Rd8 44. Rb4 Rc6 45. Rb5 Kc7 46. Ra5 Kb8 47. e4 Rd7 48. exf5 exf5 49. Ke3 Re7 50. Kf3 Rh7 51. Kg2 Rh4 52. Rb4 Rg4+ 53. Kf3 Rc3+ 54. Kf2 Rc2+ 55. Kf3 Rc3+ 56. Kf2 Rc2+ 57. Ke3 Rh2 58. Kf3 Rh3+ 59. Kf2 Rgh4 60. Kg2 Rh2+ 61. Kg1 Rh1+ 62. Kf2 R4h2+ 63. Ke3 Rh3+ 64. Kf2 R1h2+ 65. Kg1 Rc2 66. Ra1 Rg3+ 67. Kf1 Rf3+ 68. Kg1 Rg3+ 69. Kf1 Rh3 70. Kg1 Rcc3 71. Rab1 Rcg3+ 72. Kf2 Rg4 73. e6 Rh2+ 74. Kf3 Rh3+ 75. Kf2 Rh2+ 76. Kf1 Rh1+ 77. Ke2 Rh2+ 78. Ke3 Kc7 79. Nb5+ Kd8 80. Rd1+ Ke7 81. Nxa7 Kxe6 82. Rxb6+ Ke7 83. Nc8+ Ke8 84. Re6+ Kf7 85. Re7+ Kf8 86. Rd8# 1-0

[Event "December 5 Late 2023"]
[Site "https://www.chess.com"]
[Date "2023.12.05"]
[Round "3"]
[White "Bolourchifard, Farzad"]
[Black "Drygalov, Sergey"]
[Result "0-1"]
[Board "20"]
[TimeControl "180+1"]
[WhiteFideId "12510084"]
[BlackFideId "24171743"]
[WhiteElo "2714"]
[BlackElo "2985"]
[WhiteTeam "IRI"]
[BlackTeam "RUS"]
[WhiteClock "0:00:00"]
[BlackClock "0:02:04"]

1. d4 Nf6 2. Nf3 d5 3. c4 c6 4. Nc3 e6 5. Bg5 h6 6. Bxf6 Qxf6 7. e3 Nd7 8. cxd5 exd5 9. Be2 Bd6 10. O-O O-O 11. Rb1 Qe7 12. a3 a5 13. Na4 Nf6 14. Nb6 Rb8 15. Nxc8 Rfxc8 16. Qc2 Ne4 17. Bd3 Re8 18. Nd2 Nf6 19. Qc3 a4 20. h3 Bc7 21. Rfe1 Qd6 22. Nf1 Ne4 23. Bxe4 Rxe4 24. b4 axb3 25. Rxb3 Ra8 26. Rxb7 Ba5 27. Rb4 Bxb4 28. axb4 Re7 29. Rc1 Rb7 30. Qxc6 Qxc6 31. Rxc6 Ra1 32. g3 Rxb4 33. Kg2 Rb2 34. Rc8+ Kh7 35. Rc7 f6 36. Nh2 Raa2 37. Ng4 Kg6 38. Rc6 Kf5 39. Rc5 h5 40. Rxd5+ Kg6 0-1

[Event "December 5 Late 2023"]
[Site "https://www.chess.com"]
[Date "2023.12.05"]
[Round "3"]
[White "Rosen, Eric"]
[Black "Bok, Benjamin"]
[Result "0-1"]
[Board "21"]
[TimeControl "180+1"]
[WhiteFideId "2032562"]
[BlackFideId "1017063"]
[WhiteElo "2713"]
[BlackElo "2978"]
[WhiteTeam "USA"]
[BlackTeam "NED"]
[WhiteClock "0:00:01"]
[BlackClock "0:00:11"]

1. e4 c5 2. Nc3 d6 3. f4 g6 4. Nf3 Bg7 5. Bc4 Nc6 6. O-O e6 7. d4 cxd4 8. Nb5 Nge7 9. Bb3 O-O 10. Nbxd4 Na5 11. Ba4 a6 12. c3 b5 13. Bc2 Bb7 14. Qe2 Qd7 15. f5 Rae8 16. fxe6 fxe6 17. Bg5 Nec6 18. Nxc6 Qxc6 19. Rad1 Nc4 20. Bb3 Qxe4 21. Bxc4 bxc4 22. Qxe4 Bxe4 23. Rxd6 a5 24. Re1 Bd5 25. Nd4 Rb8 26. Bc1 Bxd4+ 27. cxd4 c3 28. bxc3 Rb1 29. Rd7 Ra1 30. Bd2 Rxa2 31. Re2 Bc4 32. Rxe6 Rf1# 0-1

[Event "December 5 Late 2023"]
[Site "https://www.chess.com"]
[Date "2023.12.05"]
[Round "3"]
[White "Drozdowski, Kacper"]
[Black "Zeltsan, Joseph"]
[Result "1-0"]
[Board "22"]
[TimeControl "180+1"]
[WhiteFideId "1136720"]
[BlackFideId "30932980"]
[WhiteElo "2978"]
[BlackElo "2711"]
[WhiteTeam "POL"]
[BlackTeam "USA"]
[WhiteClock "0:00:44"]
[BlackClock "0:00:00"]

1. e4 e5 2. Nf3 Nc6 3. Bc4 Nf6 4. d3 Bc5 5. c3 O-O 6. Bb3 d5 7. Nbd2 Re8 8. h3 h6 9. Nh2 Be6 10. Qf3 d4 11. Ndf1 dxc3 12. bxc3 b5 13. Ng4 Nxg4 14. hxg4 Be7 15. Ng3 b4 16. Bd5 Bxd5 17. exd5 e4 18. dxe4 Ne5 19. Qe2 bxc3 20. Nf5 Bf6 21. Rb1 c6 22. d6 Rb8 23. Rxb8 Qxb8 24. O-O Nd7 25. f4 Qb1 26. e5 Nxe5 27. fxe5 Bxe5 28. Qc4 Bf6 29. Be3 Qb2 30. Bd4 Re2 31. Qxc6 c2 32. Bxb2 1-0

[Event "December 5 Late 2023"]
[Site "https://www.chess.com"]
[Date "2023.12.05"]
[Round "3"]
[White "Riff, Vincent"]
[Black "Drygalov, Andrey"]
[Result "0-1"]
[Board "23"]
[TimeControl "180+1"]
[WhiteFideId "617776"]
[BlackFideId "24171735"]
[WhiteElo "2679"]
[BlackElo "2965"]
[WhiteTeam "FRA"]
[BlackTeam "RUS"]
[WhiteClock "0:01:03"]
[BlackClock "0:00:30"]

1. e4 c5 2. Nc3 d6 3. Nf3 Nf6 4. d4 cxd4 5. Qxd4 Nc6 6. Bb5 Bd7 7. Bxc6 Bxc6 8. Bg5 e6 9. Bxf6 Qxf6 10. Qxf6 gxf6 11. O-O-O Rc8 12. Kb1 a6 13. Nd4 Rg8 14. g3 Bd7 15. f3 Be7 16. Rhe1 b5 17. Nce2 Bd8 18. Nb3 Ke7 19. Nf4 Bb6 20. Nd4 Bc5 21. Nb3 Ba7 22. Rd3 Rgd8 23. Red1 Bc6 24. Na5 Ba8 25. Nb3 Bb6 26. Re1 Kf8 27. Nh5 Ke7 28. c3 d5 29. exd5 Rxd5 30. Rxd5 Bxd5 31. Nf4 Bxf3 32. Nd4 Bxd4 33. cxd4 f5 34. d5 Be4+ 35. Ka1 e5 36. Ne2 b4 37. g4 Kd6 38. Ng3 Kxd5 39. gxf5 Bd3 40. Nh5 Bxf5 41. Nf6+ Ke6 42. Nh5 Rc2 43. Rf1 e4 44. Ng7+ Ke5 45. Nxf5 Rxh2 46. Ne3 Kd4 47. Nf5+ Kd3 48. Rd1+ Ke2 49. Rc1 Kd2 50. Kb1 Rh5 51. Ng3 Re5 52. Nf1+ Ke2 53. Ng3+ Kf3 54. Nf1 e3 55. Nh2+ Kg3 56. Nf1+ Kf2 57. Nh2 f5 58. Rc4 e2 59. Rf4+ Kg3 0-1

[Event "December 5 Late 2023"]
[Site "https://www.chess.com"]
[Date "2023.12.05"]
[Round "3"]
[White "Atanasov, Anthony"]
[Black "Svane, Frederik"]
[Result "0-1"]
[Board "24"]
[TimeControl "180+1"]
[WhiteFideId "2623897"]
[BlackFideId "12923044"]
[WhiteElo "2663"]
[BlackElo "2935"]
[WhiteTeam "CAN"]
[BlackTeam "GER"]
[WhiteClock "0:00:02"]
[BlackClock "0:01:44"]

1. d4 Nf6 2. Nf3 d5 3. Bf4 e6 4. e3 c5 5. Nbd2 Qb6 6. Rb1 cxd4 7. exd4 Bd7 8. Be2 Bb5 9. O-O Be7 10. c4 dxc4 11. a4 Ba6 12. Nxc4 Bxc4 13. Bxc4 O-O 14. Re1 Nc6 15. Be3 Qa5 16. Bd2 Qh5 17. Be2 Qd5 18. Be3 Rfd8 19. Rc1 Rac8 20. Bc4 Qa5 21. h3 h6 22. Re2 Nd5 23. Bd2 Qb6 24. a5 Nxa5 25. Bxd5 Rxc1 26. Qxc1 Rxd5 27. Re4 Nb3 28. Qc2 Nxd2 29. Qxd2 Bf6 30. Rg4 h5 31. Rf4 Qd8 32. Qe3 g6 33. Re4 Kg7 34. Qd3 b5 35. Qe2 a5 36. g3 a4 37. Kg2 b4 38. Qc4 Qa5 39. Qc8 a3 40. bxa3 bxa3 41. Re1 a2 42. Ra1 Rxd4 43. Nxd4 Bxd4 44. Qc1 Bxa1 45. Qxa1+ Kg8 46. h4 Qd5+ 47. Kh2 Qb3 48. Qf6 Qd1 49. Qe7 a1=Q 50. Qe8+ Kg7 51. Qe7 Qh1# 0-1